 Dungeon Crawl Stone Soup version 0.29-a0-322-g68df515428 (webtiles) character file.

Game seed: 9549178243225369834

9868 spaghetti the Nimble (level 11, -3/75 HPs)
             Began as a Demonspawn Berserker on Apr 9, 2022.
             Was a Priest of Trog.
             Slain by a manticore (15 damage)
             ... on level 10 of the Dungeon.
             The game lasted 00:14:45 (11578 turns).

spaghetti the Nimble (Demonspawn Berserker)        Turns: 11578, Time: 00:14:46

Health: -3/75      AC: 11    Str: 22    XL:     11   Next: 28%
Magic:  11/11      EV: 19    Int:  9    God:    Trog [***...]
Gold:   536        SH:  8    Dex: 14    Spells: 10/10 levels left

rFire   . . .      SeeInvis .   i - +7 spear of Supply {vorpal, Dex+2, polearm}
rCold   . . .      Faith    .   s - +0 buckler
rNeg    . . .      Spirit   .   C - +1 swamp dragon scales
rPois   +          Reflect  +   (helmet restricted)
rElec   .          Harm     .   (no cloak)
rCorr   .          Rampage  .   (no gloves)
Will    .....                   (no boots)
Stlth   +.........              O - amulet of reflection
HPRegen 0.22/turn               f - +4 ring of evasion
MPRegen 0.12/turn               (no ring)

@: about to teleport, on berserk cooldown, slowed, very slow
A: horns 2, molten scales 2, demonic guardian 1
a: Renounce Religion, Berserk, Trog's Hand


You were on level 10 of the Dungeon.
You worshipped Trog.
Trog was most pleased with you.
You visited 1 branch of the dungeon, and saw 11 of its levels.

You collected 536 gold pieces.


Innate Abilities, Weirdness & Mutations

You have a pair of horns on your head.
You are mostly covered in molten scales. (AC +3)
A weak demonic guardian rushes to your aid.


   Skills:
 - Level 3.0 Fighting
 - Level 2.6 Long Blades
 + Level 11.0 Polearms
 + Level 4.0 Throwing
 - Level 1.7 Armour
 + Level 11.5 Dodging


You had 10 spell levels left.
You didn't know any spells.
Your spell library contained the following spells:

 Spells                   Type           Power      Damage    Failure   Level
 Animate Skeleton         Necr           0%         N/A       65%         1
 Apportation              Tloc           0%         N/A       65%         1
 Freeze                   Ice            0%         1d3       65%         1
 Magic Dart               Conj           0%         1d3       65%         1
 Pain                     Necr           0%         1d4       65%         1
 Sandblast                Erth           0%         2d4       65%         1
 Call Imp                 Summ           0%         N/A       80%         2
 Passwall                 Tmut/Erth      0%         N/A       80%         2
 Searing Ray              Conj           0%         2d4       80%         2
 Frozen Ramparts          Ice            0%         1d2       95%         3
 Mephitic Cloud           Conj/Pois/Air  0%         N/A       95%         3
 Stone Arrow              Conj/Erth      0%         3d7       95%         3
 Vampiric Draining        Necr           0%         2d6       95%         3
 Fulminant Prism          Conj/Hex       0%         3d6       100%        4
 Hailstorm                Conj/Ice       0%         3d3       100%        4
 Petrify                  Tmut/Erth      0%         N/A       100%        4
 Alistair's Intoxication  Tmut/Pois      0%         N/A       100%        5
 Metabolic Englaciation   Hex/Ice        0%         N/A       100%        5
 Statue Form              Tmut/Erth      0%         N/A       100%        6

Inventory:

Hand Weapons
 a - a +0 falchion {long}
 i - the +7 spear of Supply (weapon) {vorpal, Dex+2, polearm}
   (You found it on level 2 of the Dungeon)

   It inflicts extra damage upon your enemies.
   Dex:       It affects your dexterity (+2).
Missiles
 d - 335 stones (quivered) {throwing}
 m - 5 atropa-tipped darts {throwing}
 o - 4 silver javelins {throwing}
 x - 20 poisoned darts {throwing}
 E - 2 boomerangs {throwing}
Armour
 s - a +0 buckler (worn)
   (You found it on level 4 of the Dungeon)
 C - +1 swamp dragon scales (worn)
   (You took it off Maggie on level 6 of the Dungeon)
Magical Staves
 j - a staff of poison {forbidden!astaff}
   (You found it on level 2 of the Dungeon)
 A - a staff of death {forbidden!astaff}
   (You found it on level 5 of the Dungeon)
Jewellery
 e - a ring of ice
   (You found it on level 1 of the Dungeon)
 f - a +4 ring of evasion (left hand)
   (You found it on level 1 of the Dungeon)
 O - an amulet of reflection (around neck)
   (You found it on level 10 of the Dungeon)
Wands
 b - a wand of charming (8)
   (You took it off Pikel on level 7 of the Dungeon)
 u - a wand of acid (9)
   (You took it off Eustachio on level 5 of the Dungeon)
 y - a wand of paralysis (8)
   (You found it on level 5 of the Dungeon)
 D - a wand of flame (36)
   (You found it on level 6 of the Dungeon)
 J - a wand of iceblast (6)
   (You found it on level 8 of the Dungeon)
Scrolls
 g - 3 scrolls of enchant armour
 h - a scroll of amnesia
 l - 5 scrolls of teleportation {@r4}
 n - a scroll of magic mapping {!r}
 q - 2 scrolls of enchant weapon
 t - a scroll of silence {!r}
 w - a scroll of torment {!r}
 B - 2 scrolls of fog
 K - a scroll of noise {!r}
 L - a scroll of immolation {!r!r}
 M - 4 scrolls of vulnerability {!r!r}
Potions
 c - 3 potions of lignification {!q}
 p - a potion of might {unknown}
 r - 2 potions of ambrosia {unknown}
 v - a potion of berserk rage {unknown}
 z - a potion of attraction {unknown}
 F - 6 potions of curing {unknown}
 G - a potion of magic {unknown}
 H - 3 potions of flight {unknown}
 I - a potion of haste {unknown}
 N - a potion of heal wounds {unknown}

Dungeon Overview and Level Annotations

Branches:
Dungeon (11/15)            Temple (0/1) D:7            Lair (0/6) D:11
    Orc: D:9-12

Altars:
Cheibriados
Dithmenos

Shops:
D:3 ?   D:4 :

Annotations:
D:3 2 runed translucent doors, Antichthon's ghost, amateur HuBr

...#[# #..### ...#)##
#....# #'##..# #....#
...)..#######....######
......................#
.....)................#
.....######.....5.....#
####.#....#....))o....#
...#.#....#....o@H....#
...#.#....#..#####....#
...#.#....#..#...#....#
...#.##'###..#...#....#
...#.........#...#..###
####.#####...#...'..#
.....# #...#...#..#
.....# #...#...#..#
.....# #...#...#..#


You could see a manticore, 2 orcs and a friendly quasit (summoned).


Message History

The vampire bites you but does no damage.
The orc wizard misses you. The orc closely misses you.
The orc hits you but does no damage. You block the death yak's attack.
The orc priest mumbles some strange prayers to Beogh against you.
Beogh smites you!
Your shadow imp hits the death yak but does no damage.
You hear a shout! 😕 HP[+21]
You now have 112 max hp (+37).
You regained 21 hp, and now have 94/112 hp.
You hit the death yak. You headbutt the death yak.
You hit the death yak but do no damage. You headbutt the death yak.
You block the orc's attack. The vampire misses you. x2
An acid dragon comes into view.
An orc priest comes into view. It is wielding a +0 whip.
You block the orc wizard's attack. The orc misses you.
The death yak gores you! 😮 HP[-14]
You take 14 damage, and now have 80/112 hp.
You puncture the death yak!
Your shadow imp closely misses the death yak.
You puncture the death yak! You puncture the death yak! The vampire hits you.
You block the vampire's attack. The acid dragon spits acid at you.
The splash of acid hits you!!
* * * LOW HITPOINT WARNING * * *
The orc misses you. The orc closely misses you. The death yak misses you.
The orc priest mumbles some strange prayers to Beogh against you.
Beogh smites you!
* * * LOW HITPOINT WARNING * * *
Your shadow imp closely misses the death yak. 😨 HP[-44]
You take 44 damage, and now have 36/112 hp.
MASSIVE DAMAGE!! (PAUSE)
You block the orc's attack. The vampire closely misses you. x2
You block the orc's attack. The death yak barely misses you.
You climb upwards.
You feel a strong urge to attack something.
There is a stone staircase leading down, spattered with blood here. 😨 HP[+1] Unknown command.
Unknown command.
You puncture the death yak! You hit the death yak.
You kill the death yak!
Trog accepts your kill. You block the vampire's attack.
The vampire closely misses you. You block the orc's attack.
The manticore completely misses you. The manticore closely misses you.
The manticore barely misses you. The orc completely misses you.
Your Polearms skill increases to level 11!
Your Throwing skill increases to level 4!
You hit the vampire but do no damage. You headbutt the vampire.
You closely miss the vampire. You hit the vampire.
You block the manticore's attack. x3
The vampire barely misses you. You block the vampire's attack.
The orc misses you. x2
You closely miss the vampire. You headbutt the vampire! You hit the vampire.
You barely miss the vampire. You headbutt the vampire.
The manticore completely misses you. The manticore barely misses you.
The manticore closely misses you. You block the vampire's attack.
The vampire closely misses you. The orc closely misses you.
The orc barely misses you. 😨 HP[+1]
You completely miss the vampire. You puncture the vampire!
You destroy the vampire!
Trog accepts your kill.
Trog appreciates your killing of a magic user.
The manticore closely misses you. x3; You block the orc's attack. x2
You puncture the manticore! You hit the manticore but do no damage.
You block the orc's attack. The manticore bites you.
* * * LOW HITPOINT WARNING * * *
The manticore claws you but does no damage.
The manticore claws you.
* * * LOW HITPOINT WARNING * * *
The orc hits you with a +0 falchion.
* * * LOW HITPOINT WARNING * * *
😱 HP[-10]
You take 10 damage, and now have 28/112 hp.
You puncture the manticore!
You are no longer berserk.
You are exhausted.
You feel yourself slow down. 😨 HP[-9]
You now have 75 max hp (-37).
Really quaff
c - 3 potions of lignification {!q}?
Okay, then.
Unknown command.
As you read the scroll of teleportation {@r4}, it crumbles to dust.
You feel strangely unstable.
The manticore bites you but does no damage.
The manticore barely misses you. You block the manticore's attack.
The orc barely misses you. The orc hits you with a +0 falchion!
* * * LOW HITPOINT WARNING * * *
A demonic guardian appears!
You block the orc's attack. x2
The manticore bites you!
You die...

Skill      XL: |  1  2  3  4  5  6  7  8  9 10 11 |
---------------+----------------------------------+-----
Dodging        | 2 3 4 5 6 8 9 11 | 11.5
Polearms       | 1 2 3 4 5 7 9 10 11 | 11.0
Throwing       | 2 4 |  4.0
Fighting       | |  3.0
Long Blades    | |  2.6
Armour         | |  1.7

Action                   |  1- 3 |  4- 6 |  7- 9 | 10-12 || total
-------------------------+-------+-------+-------+-------++-------
Melee: Falchion          |    66 |       |       |       ||    66
       Spear             |    23 |   109 |   211 |   226 ||   569
       Punch             |     1 |       |       |       ||     1
       Headbutt          |       |       |    38 |    31 ||    69
Throw: Stone             |    22 |    80 |    82 |    57 ||   241
Invok: Berserk           |       |     5 |    10 |     9 ||    24
  Use: Scroll            |       |       |       |    13 ||    13
 Stab: Sleeping          |     1 |       |       |       ||     1
       Distracted        |       |       |       |     1 ||     1
Armor: Animal skin       |     8 |    14 |     9 |       ||    31
       Swamp dragon scal |       |       |    17 |    38 ||    55
Dodge: Dodged            |    65 |    52 |   114 |   181 ||   412
Block: Buckler           |       |     4 |    15 |    66 ||    85
       Reflection        |       |       |       |     3 ||     3

Levels and vault maps discovered:
D:1:      minmay_arrival_checkered_box, layout_loops_ring,
          hellmonk_ecumenical_altar_lost_god
D:2:      layout_basic, dreamdust_princess_bridge, uniq_natasha, uniq_robin
D:3:      layout_loops_ring, serial_shops, nicolae_lakefront_shop,
          ebering_ghost_sewer_f
D:4:      layout_basic, nicolae_shop_self_help
D:5:      layout_cave_pools, uniq_eustachio
D:6:      layout_loops_ring, chequers_arboretum, columned_hall_lemuel,
          uniq_maggie, uniq_menkaure
D:7:      layout_gridville, mainiacjoe_overflow_catch_the_wave,
          minmay_temple_entry_ruins, uniq_pikel, uniq_duvessa
D:8:      layout_layer_cave, uniq_grum
D:9:      layout_big_octagon
D:10:     minmay_diamond_stairs, layout_irregular_city, minivault_12
D:11:     layout_small_grid, dpeg_lair_monsters, erik_orc_2, serial_shops,
          kennysheep_mini, kennysheep_generic_room_6

Notes
Turn   | Place    | Note
-------+----------+-------------------------------------------
     0 | D:1      | spaghetti the Demonspawn Berserker began the quest for the
                  | Orb.
     0 | D:1      | Reached XP level 1. HP: 18/18 MP: 1/1
     0 | D:1      | magus.rc [v1.9.6]
    26 | D:1      | Reached skill level 2 in Dodging
   251 | D:1      | Gained mutation: You are partially covered in molten
                  | scales. (AC +2) [demonic ancestry]
   251 | D:1      | Reached XP level 2. HP: 15/24 MP: 2/2
   388 | D:1      | Found a faded altar of an unknown god.
   627 | D:1      | You pick up a book of Frost {forbidden} and begin
                  | reading...
   627 | D:1      | You add the spells Freeze, Frozen Ramparts and Hailstorm to
                  | your library.
   817 | D:1      | Reached skill level 3 in Dodging
  1034 | D:2      | Identified the +7 spear of Supply {vorpal, Dex+2}
  1186 | D:2      | Gained mutation: You are mostly covered in molten scales.
                  | (AC +3) [demonic ancestry]
  1186 | D:2      | Reached XP level 3. HP: 29/29 MP: 3/3
  1240 | D:2      | Noticed Natasha
  1245 | D:2      | Killed Natasha
  1246 | D:2      | Reached skill level 1 in Polearms
  1386 | D:2      | Reached ** piety under Trog
  1578 | D:2      | Noticed Robin
  1587 | D:2      | Killed Robin
  1588 | D:2      | Reached XP level 4. HP: 35/35 MP: 4/4
  1908 | D:3      | Reached skill level 2 in Polearms
  1908 | D:3      | Reached skill level 4 in Dodging
  2086 | D:3      | Gained mutation: A weak demonic guardian rushes to your
                  | aid. [demonic ancestry]
  2086 | D:3      | Reached XP level 5. HP: 41/41 MP: 5/5
  2260 | D:3      | Found Pafar's Magic Scroll Shoppe.
  2454 | D:3      | Found a runed translucent door.
  2464 | D:3      | Noticed Antichthon's ghost (amateur HuBr)
  2484 | D:3      | Found a runed translucent door.
  2960 | D:4      | Noticed an ogre
  2964 | D:4      | Killed an ogre
  2965 | D:4      | Reached skill level 3 in Polearms
  2965 | D:4      | Reached XP level 6. HP: 47/47 MP: 6/6
  3103 | D:4      | Found Panwux's Self-Improvement Boutique.
  3623 | D:5      | Entered Level 5 of the Dungeon
  3640 | D:5      | Reached skill level 5 in Dodging
  3642 | D:5      | Noticed Eustachio
  3655 | D:5      | HP: 17/70 [Eustachio/bolt of acid (36)]
  3660 | D:5      | HP: 7/70 [white imp/puff of frost[Eustachio] (11)]
  3661 | D:5      | Killed Eustachio
  3662 | D:5      | Reached skill level 4 in Polearms
  3662 | D:5      | Gained mutation: You have a pair of small horns on your
                  | head. [demonic ancestry]
  3662 | D:5      | Reached XP level 7. HP: 8/52 MP: 7/7
  3993 | D:5      | You pick up a book of Necromancy {forbidden} and begin
                  | reading...
  3993 | D:5      | You add the spells Pain, Animate Skeleton and Vampiric
                  | Draining to your library.
  4445 | D:6      | Noticed Menkaure
  4602 | D:6      | Killed Menkaure
  4603 | D:6      | Reached skill level 5 in Polearms
  4603 | D:6      | Reached skill level 6 in Dodging
  4764 | D:6      | Reached XP level 8. HP: 58/58 MP: 8/8
  5076 | D:6      | Reached skill level 6 in Polearms
  5076 | D:6      | Reached skill level 7 in Dodging
  5293 | D:6      | Noticed Maggie
  5302 | D:6      | Killed Maggie
  5611 | D:6      | Reached skill level 7 in Polearms
  5878 | D:7      | Reached skill level 8 in Dodging
  5939 | D:7      | Found a snail-covered altar of Cheibriados.
  5983 | D:7      | Reached XP level 9. HP: 63/63 MP: 9/9
  6126 | D:7      | You pick up a book of Sloth {forbidden} and begin
                  | reading...
  6126 | D:7      | You add the spells Petrify, Metabolic Englaciation and
                  | Statue Form to your library.
  6215 | D:7      | Noticed Pikel
  6235 | D:7      | Killed Pikel
  6297 | D:7      | Found a staircase to the Ecumenical Temple.
  6343 | D:7      | Noticed Dowan
  6344 | D:7      | Noticed Duvessa
  6358 | D:7      | Killed Duvessa
  6359 | D:7      | Reached skill level 8 in Polearms
  6361 | D:7      | Killed Dowan
  6803 | D:7      | Found a shadowy altar of Dithmenos.
  7166 | D:8      | Reached skill level 9 in Dodging
  7456 | D:8      | Noticed Grum
  7472 | D:8      | Killed Grum
  7591 | D:8      | Reached skill level 9 in Polearms
  8227 | D:9      | Gained mutation: You have a pair of horns on your head.
                  | [demonic ancestry]
  8227 | D:9      | Reached XP level 10. HP: 64/70 MP: 10/10
  8228 | D:9      | Noticed a two-headed ogre
  8473 | D:9      | Killed a two-headed ogre
  8474 | D:9      | Reached skill level 10 in Dodging
  8909 | D:9      | Reached *** piety under Trog
  8981 | D:9      | You pick up a book of Conjurations {forbidden@e2} and begin
                  | reading...
  8981 | D:9      | You add the spells Magic Dart, Searing Ray and Fulminant
                  | Prism to your library.
  9310 | D:9      | You pick up a book of Geomancy {forbidden} and begin
                  | reading...
  9310 | D:9      | You add the spells Sandblast, Passwall and Stone Arrow to
                  | your library.
  9360 | D:9      | You pick up a book of Party Tricks {forbidden} and begin
                  | reading...
  9360 | D:9      | You add the spells Apportation and Alistair's Intoxication
                  | to your library.
  9398 | D:10     | Entered Level 10 of the Dungeon
  9410 | D:10     | Noticed a cyclops
  9424 | D:10     | Killed a cyclops
  9425 | D:10     | Reached skill level 10 in Polearms
  9730 | D:10     | You pick up a book of Minor Magic {forbidden} and begin
                  | reading...
  9730 | D:10     | You add the spells Call Imp and Mephitic Cloud to your
                  | library.
  9748 | D:10     | Noticed a death knight
  9761 | D:10     | Killed a death knight
  9762 | D:10     | Reached skill level 1 in Throwing
 10036 | D:10     | Reached skill level 2 in Throwing
 10084 | D:10     | Reached skill level 11 in Dodging
 10104 | D:10     | Noticed a cyan ugly thing
 10111 | D:10     | Killed a cyan ugly thing
 10237 | D:10     | Noticed a centaur warrior
 10237 | D:10     | Noticed a five-headed hydra
 10249 | D:10     | Noticed a tengu warrior
 10249 | D:10     | Noticed a tengu warrior
 10258 | D:10     | Noticed an orc knight
 10258 | D:10     | Noticed a tengu warrior
 10259 | D:10     | Noticed a deep elf pyromancer
 10463 | D:10     | Reached XP level 11. HP: 75/75 MP: 11/11
 10762 | D:11     | Noticed a death yak
 10762 | D:11     | Noticed a death yak
 10762 | D:11     | Found a staircase to the Lair.
 10766 | D:11     | Noticed a death yak
 10814 | D:11     | Reached skill level 3 in Throwing
 11306 | D:11     | Noticed an eight-headed hydra
 11416 | D:10     | Killed an eight-headed hydra
 11566 | D:10     | Killed a death yak
 11567 | D:10     | Reached skill level 11 in Polearms
 11567 | D:10     | Reached skill level 4 in Throwing
 11576 | D:10     | HP: 28/112 [orc/+0 falchion (5)]
 11578 | D:10     | HP: 12/75 [orc/+0 falchion (7)]
 11578 | D:10     | Slain by a manticore

Vanquished Creatures
  A hydra (D:10)
  A death knight (D:10)
  A death yak (D:10)
  A two-headed ogre (D:9)
  Pikel (D:7)
  An ugly thing (D:10)
  Maggie (D:6)
  A centaur simulacrum (D:10)
  A shadow (D:10)
  A vampire (D:10)
  Eustachio (D:5)
  4 wyverns
  3 yaks
  Grum (D:8)
  Menkaure (D:6)
  2 vampire mosquitoes (D:11)
  2 acid dragons
  Duvessa (D:7)
  5 orc warriors
  4 ice beasts
  An ogre (D:4)
  2 wolves (D:8)
  A lemure (D:7)
  5 centaurs
  A kobold brigand (D:8)
  A phantom (D:6)
  A gnoll sergeant (D:11)
  A necrophage (D:6)
  5 bullfrogs
  A scorpion (D:7)
  Dowan (D:7)
  15 killer bees
  3 howler monkeys (D:8)
  2 hounds (D:5)
  A jelly (D:6)
  4 orc priests
  11 orc wizards
  Natasha (D:2)
  Robin (D:2)
  7 gnolls
  7 adders
  A river rat (D:10)
  A white imp (D:7)
  An ufetubus (D:5)
  A dart slug (D:4)
  28 orcs
  5 ball pythons
  4 endoplasms
  4 giant cockroaches
  8 hobgoblins
  4 quokkas
  2 bats
  5 frilled lizards
  11 goblins
  9 kobolds
  8 rats
198 creatures vanquished.

Vanquished Creatures (collateral kills)
  A cyclops (D:10)
  A quokka (D:4)
2 creatures vanquished.

Vanquished Creatures (others)
  A centaur simulacrum (D:10)
1 creature vanquished.

Grand Total: 201 creatures vanquished

Table legend:
 A = Non-vault XP
 B = Vault XP
 C = Vault XP percentage of total XP
 D = Non-vault monster count
 E = Vault monster count
 F = Vault count percentage of total count
                 A         B        C        D         E       F
            +---------+---------+-------+---------+---------+-------
      Total |    8921 |    5177 |  36.7 |     170 |      29 |  14.6
            +---------+---------+-------+---------+---------+-------
        D:1 |      30 |       0 |   0.0 |      20 |       0 |   0.0
        D:2 |      18 |      62 |  77.5 |      10 |       8 |  44.4
        D:3 |     125 |       0 |   0.0 |      18 |       0 |   0.0
        D:4 |     242 |       0 |   0.0 |      19 |       0 |   0.0
        D:5 |     367 |     202 |  35.5 |       6 |       1 |  14.3
        D:6 |    1042 |     545 |  34.3 |      14 |       2 |  12.5
        D:7 |     588 |     829 |  58.5 |      13 |       3 |  18.8
        D:8 |    1122 |     419 |  27.2 |      17 |       3 |  15.0
        D:9 |    1997 |       0 |   0.0 |      19 |       0 |   0.0
       D:10 |    2590 |    2948 |  53.2 |      20 |       9 |  31.0
       D:11 |     800 |     172 |  17.7 |      14 |       3 |  17.6
            +---------+---------+-------+---------+---------+-------

Illustrated notes

Table legend:
 A = Kills in this place as a percentage of kills in entire the game.
 B = Kills by you in this place as a percentage of kills by you in the entire game.
 C = Kills by friends in this place as a percentage of kills by friends in the entire game.
 D = Other kills in this place as a percentage of other kills in the entire game.
 E = Experience gained in this place as a percentage of experience gained in the entire game.
 F = Experience gained in this place divided by the number of levels of this place that you have seen.
                   A       B       C       D       E      F
               +-------+-------+-------+-------+-------+----------------------
         Total | 100.0 | 100.0 | 100.0 |   N/A | 100.0 | 1281.6
       Dungeon | 100.0 | 100.0 | 100.0 |   N/A | 100.0 | 1281.6
               +-------+-------+-------+-------+-------+----------------------

Table legend: (Time is in decaauts)
 A = Elapsed time spent in this place.
 B = Non-inter-level travel time spent in this place.
 C = Inter-level travel time spent in this place.
 D = Time resting spent in this place.
 E = Time spent auto-exploring this place.
 F = Levels seen in this place.
 G = Mean time per level.
                   A        B        C        D        E       F      G
               +--------+--------+--------+--------+--------+-----+--------+
         Total |  11718 |  11309 |    409 |   3991 |   6019 |  11 | 1065.3 |
       Dungeon |  11718 |  11309 |    409 |   3991 |   6019 |  11 | 1065.3 |
               +--------+--------+--------+--------+--------+-----+--------+

Top non-repeatable levels by time:
    D:10: 2052 daAuts
     D:8: 1513 daAuts
     D:4: 1269 daAuts
     D:7: 1269 daAuts
     D:6: 1173 daAuts
     D:1: 935 daAuts
     D:2: 877 daAuts
     D:3: 870 daAuts
     D:5: 824 daAuts
     D:9: 805 daAuts
    D:11: 125 daAuts
